 Dungeon Crawl Stone Soup version 0.22.1-1-ga44c0e5 (webtiles) character file.

35 brandon the Firebug (level 3, -2/19 HPs)
             Began as a Deep Elf Fire Elementalist on Oct 9, 2018.
             Slain by a black bear (5 damage)
             ... on level 2 of the Dungeon.
             The game lasted 00:02:42 (1057 turns).

brandon the Firebug (Deep Elf Fire Elementalist)    Turns: 1057, Time: 00:02:43

Health: -2/19      AC:  2    Str:  5    XL:     3   Next: 16%
Magic:  0/10       EV: 13    Int: 20    God:
Gold:   101        SH:  0    Dex: 15    Spells: 3/9 levels left

rFire    . . .     SeeInvis .   m - -3 mace (curse)
rCold    . . .     Gourm    .   (no shield)
rNeg     . . .     Faith    .   a - +0 robe
rPois    .         Spirit   .   (no helmet)
rElec    .         Reflect  .   (no cloak)
rCorr    .         Harm     .   (no gloves)
MR       .....                  (no boots)
Stlth    ++........             (no amulet)
HPRegen  0.06/turn              (no ring)
MPRegen  0.12/turn              (no ring)

@: no status effects
A: no striking features
a: no special abilities


You were on level 2 of the Dungeon.
You were not hungry.

You visited 1 branch of the dungeon, and saw 2 of its levels.

You collected 101 gold pieces.

Inventory:

Hand Weapons
 e - a +0 club
 m - a cursed -3 mace (weapon)
Armour
 a - a +0 robe (worn)
Jewellery
 f - a cursed -2 ring of dexterity {unknown}
 h - an uncursed ring of resist corrosion {unknown}
Scrolls
 g - 2 scrolls of enchant armour
 j - a scroll of enchant weapon
 k - a scroll of amnesia {unknown}
Potions
 b - 2 potions of curing {unknown}
 i - a potion of haste {unknown}
 l - a potion of flight {unknown}
Comestibles
 c - 3 rations
 d - 4 chunks of flesh


   Skills:
 - Level 2.4 Dodging
 - Level 2.4 Stealth
 + Level 3.5 Spellcasting
 * Level 2.6 Conjurations
 + Level 3.7 Fire Magic


You had 3 spell levels left.
You knew the following spells:

 Your Spells              Type           Power        Failure   Level  Hunger
a - Flame Tongue          Conj/Fire      ###..        3%          1    None
b - Throw Flame           Conj/Fire      ###...       5%          2    ##.....
c - Conjure Flame         Conj/Fire      ###.....     11%         3    ###....

Your spell library contained the following spells:

 Spells                   Type           Power        Failure   Level  Hunger
 Inner Flame              Hex/Fire       ##......     19%         3    ###....
 Sticky Flame             Conj/Fire      ###.....     36%         4    ####...
 Fireball                 Conj/Fire      ###.......   71%         5    ######.


Dungeon Overview and Level Annotations

Branches:
Dungeon (2/15)

Altars:


Message History

The flame tongue hits the black bear.
The black bear appears unharmed.
The black bear is severely wounded.
Casting: Flame Tongue (safe; 3% risk of failure)
Confirm with . or Enter, or press ? or * to list all spells.
Aiming: Flame Tongue (safe; 3% risk of failure)
Press: ? - help, Shift-Dir - straight line, f/p - black bear
Aim: a black bear (severely wounded, berserk, fast, unusually strong)
The flame tongue misses the black bear.
The black bear bites you!
* * * LOW HITPOINT WARNING * * *
The black bear claws you.
* * * LOW HITPOINT WARNING * * *
The black bear closely misses you.
Unknown command.
The black bear barely misses you. The black bear misses you.
The black bear claws you.
* * * LOW HITPOINT WARNING * * *
The black bear rages.
The black bear barely misses you. The black bear misses you.
The black bear claws you.
You die...

#.##.###.#
# #
#.##.###.#
#........#
####.#####
#.# ##.##
##...####
#.......+
##@..####
#h.## #.##
#.# #.#
#.# #.#
#.# #.#


You could see a black bear (berserk).

Vanquished Creatures
  A leopard gecko (D:1)
  A ball python (D:1)
  3 giant cockroaches (D:1)
  4 goblins (D:1)
  7 hobgoblins (D:1)
  5 kobolds (D:1)
  4 bats
  2 frilled lizards (D:1)
  3 rats (D:1)
30 creatures vanquished.

Notes
Turn   | Place    | Note
-------+----------+-------------------------------------------
     0 | D:1      | brandon the Deep Elf Fire Elementalist began the quest for
                  | the Orb.
     0 | D:1      | Reached XP level 1. HP: 10/10 MP: 6/6
   166 | D:1      | Reached XP level 2. HP: 14/15 MP: 4/8
   170 | D:1      | Learned a level 2 spell: Throw Flame
   867 | D:1      | Reached XP level 3. HP: 19/19 MP: 5/10
   882 | D:1      | Learned a level 3 spell: Conjure Flame
  1032 | D:2      | Noticed a black bear
  1057 | D:2      | Slain by a black bear

Skill      XL: |  1  2 |
---------------+-------+-----
Conjurations   | 2 |  2.6
Dodging        | |  2.4
Stealth        | |  2.4
Spellcasting   | |  3.5
Fire Magic     | |  3.7

Action                   || total
-------------------------++-------
 Cast: Flame Tongue      ||    59
       Throw Flame       ||     1
       Conjure Flame     ||     1
  Use: Scroll            ||     2
Armor: Robe              ||     7
Dodge: Dodged            ||    18
